 Dungeon Crawl Stone Soup version 0.32-a0-913-g739538afd8 (webtiles) character file.

Game seed: 10928685215011148807

9979 Zero the Cleaver (level 11, -10/93 HPs)
             Began as a Human Berserker on Apr 9, 2024.
             Was a High Priest of Trog.
             Mangled by a vampire
             ... wielding a +0 lajatang
              (17 damage)
             ... on level 10 of the Dungeon.
             The game lasted 00:09:31 (8810 turns).

Zero the Cleaver (Human Berserker)                  Turns: 8810, Time: 00:09:32

Health: -10/93     AC: 24    Str: 24    XL:     11   Next: 54%
Magic:  11/11      EV:  8    Int:  9    God:    Trog [*****.]
Gold:   329        SH:  5    Dex: 12    Spells: 10/10 levels left

rFire   . . .        c - +1 war axe (drain)
rCold   . . .        z - +0 buckler
rNeg    . . .        b - +0 chain mail
rPois   .            t - +2 helmet
rElec   .            F - +0 cloak {Will+}
rCorr   .            (no gloves)
SInv    .            j - +0 pair of boots of Resonance {Str+3}
Will    +....        q - amulet of regeneration Stlth
                     B - +4 ring of protection
HPRegen 1.15/turn    m - +4 ring of protection
MPRegen 0.12/turn

%: no passive effects
@: no status effects
A: explore regen
a: Renounce Religion, Berserk, Trog's Hand, Brothers in Arms


You were on level 10 of the Dungeon.
You worshipped Trog.
Trog was extremely pleased with you.
You visited 1 branch of the dungeon, and saw 10 of its levels.

You collected 404 gold pieces.
You spent 75 gold pieces at shops.

Inventory:

Hand Weapons
 c - a +1 war axe of draining (weapon)
Missiles
 i - 4 throwing nets (quivered)
 C - 4 javelins
Armour
 b - a +0 chain mail (worn)
 j - the +0 pair of boots of Resonance (worn) {Str+3}
   (You acquired it on level 5 of the Dungeon)

   Str+3:     It affects your strength (+3).
 t - a +2 helmet (worn)
 z - a +0 buckler (worn)
 F - a +0 cloak of willpower (worn)
Jewellery
 m - a +4 ring of protection (right hand)
 q - an amulet of regeneration (around neck)
 r - a ring of poison resistance
 B - a +4 ring of protection (left hand)
Wands
 p - a wand of flame (16)
 s - a wand of roots (9)
 E - a wand of polymorph (3)
Scrolls
 d - 7 scrolls of teleportation
 e - a scroll of torment {unknown}
 h - a scroll of revelation
 o - 2 scrolls of poison
 w - a scroll of brand weapon
 x - a scroll of vulnerability
 y - a scroll of enchant weapon
 A - a scroll of immolation
 D - a scroll of blinking {unknown}
Potions
 a - a potion of haste {unknown}
 f - 7 potions of curing
 g - 3 potions of brilliance
 k - 2 potions of might
 l - a potion of heal wounds
 n - 3 potions of attraction
 u - a potion of cancellation {unknown}


   Skills:
 + Level 11.2 Fighting
 * Level 11.9 Axes
 + Level 7.1 Armour
 - Level 2.0 Dodging
 + Level 4.9 Shields


You had 10 spell levels left.
You didn't know any spells.
Your spell library was empty.

Dungeon Overview and Level Annotations

Branches:
Dungeon (10/15)            Temple (0/1) D:6            Lair (0/5) D:8
    Orc: D:9-12

Altars:
Trog
The Shining One

Shops:
D:5 ?   D:9 (


Innate Abilities, Weirdness & Mutations

You regain HP and MP as you explore.


Message History

No target in view!
No target in view!
No target in view!
No target in view!
No target in view!
You hit something but do no damage. Something hits you. Something bites you.
Something draws strength from your injuries!
You barely miss something. You block something's attack. Something bites you!
Something draws strength from your injuries!
You completely miss something. Something hits you.
Something bites you but does no damage.
You hit something. Something hits you but does no damage. Something bites you.
Something draws strength from your injuries!
You barely miss something. Something hits you.
Something bites you but does no damage.
You barely miss something. Something hits you but does no damage.
Something bites you.
Something draws strength from your injuries!
You barely miss something. Something hits you.
Something bites you but does no damage.
You closely miss something. You hit something but do no damage.
Something hits you. You block something's attack.
You slice something!! Something hits you. Something bites you!
Something draws strength from your injuries!
You slash something! Something hits you!
Something bites you but does no damage.
You completely miss something. Something draws life force from you!
* * * LOW HITPOINT WARNING * * *
You miss something. Something hits you but does no damage.
Something bites you but does no damage.
You slash something! Something draws life force from you!
* * * LOW HITPOINT WARNING * * *
You slash something!
You hear some strange, mumbled words.
Something tries to affect you, but you resist.
You hit something but do no damage. Something draws life force from you!
* * * LOW HITPOINT WARNING * * *
You hit something but do no damage. Something hits you!
You die...

.... ..#.. ..# ..#...#..
...# # ..## .#...#!..#
..#!. .#
#..##..#O..#...#...#...#
........#.. #...#...#..#
..[........ ..........##
..))..# . #...#.....#
..†....# #.. #{..#....#
........# #...#@..#...#
.......#... ..#..$#....##
......#...# .#...#......#
#.....................#..#
###.....#...#...#...#.#..#
#....#...#...#...#..##.##
#?..#?..#...##..#
.#...#...#..##..#
.#...#...#.###.##


There were no monsters in sight!

Vanquished Creatures
  2 two-headed ogres
  Maurice (D:9)
  Joseph (D:9)
  A gargoyle (D:10)
  An unseen horror (D:10)
  Prince Ribbit (D:8)
  A hornet (D:9)
  2 yaks (D:10)
  A shadow (D:9)
  2 basilisks (D:8)
  3 wraiths
  A steam dragon (D:9)
  2 vampire mosquitoes (D:10)
  2 acid dragons
  3 water moccasins
  Duvessa (D:5)
  A black bear (D:7)
  An ice beast (D:7)
  4 orc warriors
  3 sky beasts (D:8)
  3 ogres
  6 centaurs
  Blork the orc (D:5)
  10 bullfrogs
  A kobold brigand (D:9)
  3 gnoll sergeants
  3 scorpions
  4 wights (D:7)
  Dowan (D:5)
  18 killer bees
  2 howler monkeys (D:8)
  3 hounds
  3 jellies
  3 bombardier beetles
  6 orc priests
  6 iguanas
  A sleepcap (D:6)
  Jessica (D:3)
  6 orc wizards
  12 gnolls
  10 adders
  A shadow imp (D:5)
  5 white imps
  7 dart slugs
  A ribbon worm (D:4)
  27 orcs
  5 endoplasms
  4 giant cockroaches
  7 goblins
  6 hobgoblins
  4 jackals
  3 quokkas
  10 ball pythons
  A bat (D:3)
  2 frilled lizards
  17 kobolds
  7 rats
244 creatures vanquished.

Vanquished Creatures (others)
  A killer bee (D:9)
1 creature vanquished.

Grand Total: 245 creatures vanquished

Notes
Turn   | Place    | Note
-------+----------+-------------------------------------------
     0 | D:1      | Zero the Human Berserker began the quest for the Orb.
     0 | D:1      | Reached XP level 1. HP: 18/18 MP: 1/1
   183 | D:1      | Reached XP level 2. HP: 12/24 MP: 2/2
   397 | D:1      | Reached XP level 3. HP: 28/29 MP: 3/3
   465 | D:1      | Reached ** piety under Trog
  1492 | D:3      | Reached XP level 4. HP: 37/37 MP: 4/4
  1589 | D:3      | Noticed Jessica
  1592 | D:3      | Reached XP level 5. HP: 43/43 MP: 5/5
  1598 | D:3      | Killed Jessica
  1789 | D:3      | You fall into a shaft and drop 1 floor!
  2442 | D:4      | Reached skill level 5 in Fighting
  2442 | D:4      | Reached skill level 5 in Axes
  2444 | D:4      | Reached XP level 6. HP: 51/51 MP: 6/6
  2915 | D:4      | Reached *** piety under Trog
  3195 | D:5      | Entered Level 5 of the Dungeon
  3210 | D:5      | Noticed Dowan
  3213 | D:5      | Noticed Duvessa
  3323 | D:5      | Killed Duvessa
  3324 | D:5      | Reached XP level 7. HP: 58/58 MP: 7/7
  3442 | D:5      | Noticed Blork the orc
  3452 | D:5      | Killed Blork the orc
  3528 | D:5      | Found Zissy's Magic Scroll Shoppe.
  3533 | D:5      | Bought a scroll of identify for 30 gold pieces
  3533 | D:5      | Bought a scroll of teleportation for 45 gold pieces
  3537 | D:5      | Identified a scroll of acquirement
  3537 | D:5      | Acquired the +0 pair of boots of Resonance {Str+3}
  3721 | D:5      | Reached XP level 8. HP: 51/65 MP: 8/8
  3818 | D:5      | Killed Dowan
  4361 | D:6      | Identified the +5 whip of Evolution {freeze, ^Contam Int+4
                  | Dex+4 SInv}
  4724 | D:6      | Reached XP level 9. HP: 64/74 MP: 9/9
  4804 | D:6      | Found a staircase to the Ecumenical Temple.
  4907 | D:6      | Found a glowing golden altar of the Shining One.
  4907 | D:6      | Found a bloodstained altar of Trog.
  5175 | D:7      | Identified the +0 pair of boots of Impatience {rPois SInv}
  5928 | D:8      | Reached **** piety under Trog
  6182 | D:8      | Reached skill level 5 in Armour
  6185 | D:8      | Reached skill level 1 in Shields
  6188 | D:8      | Reached XP level 10. HP: 83/83 MP: 10/10
  6212 | D:8      | Noticed a two-headed ogre
  6223 | D:8      | Killed a two-headed ogre
  6224 | D:8      | Reached skill level 10 in Axes
  6367 | D:8      | Reached skill level 10 in Fighting
  6389 | D:8      | Noticed Prince Ribbit
  6404 | D:8      | Killed Prince Ribbit
  6496 | D:8      | Found a staircase to the Lair.
  7395 | D:9      | Noticed Joseph
  7417 | D:9      | Killed Joseph
  7714 | D:9      | Reached XP level 11. HP: 76/87 MP: 11/11
  7794 | D:9      | Noticed a two-headed ogre
  7805 | D:9      | Killed a two-headed ogre
  7863 | D:9      | Found Tutugh's Weapon Shop.
  7940 | D:9      | Noticed Maurice
  7963 | D:9      | Something stole 309 gold
  7969 | D:9      | Killed Maurice
  8481 | D:10     | Entered Level 10 of the Dungeon
  8550 | D:10     | Noticed a two-headed ogre
  8556 | D:10     | Noticed a two-headed ogre
  8670 | D:10     | Reached ***** piety under Trog
  8810 | D:10     | Mangled by a vampire

Illustrated notes

Levels and vault maps discovered:
D:1:      ldierk_walled_garden, layout_basic, interstate_on_off, nrook_campfire
D:2:      layout_basic
D:3:      layout_basic, uniq_jessica
D:4:      minmay_opposing_rooms, layout_cave_pods, serial_bayou_ford_a
D:5:      layout_cave_pools, serial_shops, nicolae_shop_hallway_plus,
          feat_on_display, uniq_blork_the_orc, uniq_duvessa
D:6:      minmay_chambers_of_threes, layout_loops_cross,
          gammafunk_temple_overflow_wave, minmay_temple_entry_hall, minivault_1
D:7:      layout_loops_ring, kennysheep_minor_cross
D:8:      minmay_s_stair_smasher, layout_basic, dpeg_lair_monsters,
          uniq_prince_ribbit1
D:9:      layout_basic, serial_shops, shop, uniq_joseph, uniq_maurice
D:10:     cheibrodos_fzero, layout_cave_pods, kennysheep_little_box,
          nicolae_shop_self_help

Skill      XL: |  1  2  3  4  5  6  7  8  9 10 11 |
---------------+----------------------------------+-----
Axes           | 4 5 6 8 9 11 | 11.9
Fighting       | 4 5 6 8 9 10 11 | 11.2
Armour         | 3 5 6 7 |  7.1
Shields        | 1 3 4 |  4.9
Dodging        | |  2.0

Action                     |  1- 3 |  4- 6 |  7- 9 | 10-12 || total
---------------------------+-------+-------+-------+-------++-------
  Melee: Hand axe          |   120 |   137 |       |       ||   257
         War axe           |       |    29 |   297 |   313 ||   639
         Unarmed           |       |       |       |     1 ||     1
 Invoke: Berserk           |     1 |     5 |     6 |     3 ||    15
         Trog's Hand       |       |     3 |     3 |     1 ||     7
    Use: Scroll            |       |       |    16 |     3 ||    19
         Potion            |       |       |       |     1 ||     1
 Armour: Animal skin       |    15 |       |       |       ||    15
         Ring mail         |    54 |       |       |       ||    54
         Chain mail        |    30 |   176 |   412 |   340 ||   958
  Dodge: Dodged            |    80 |    76 |   165 |   137 ||   458
  Block: Buckler           |       |       |     7 |    85 ||    92

Table legend: (Time is in decaauts)
 A = Elapsed time spent in this place.
 B = Non-inter-level travel time spent in this place.
 C = Inter-level travel time spent in this place.
 D = Time resting spent in this place.
 E = Time spent auto-exploring this place.
 F = Levels seen in this place.
 G = Mean time per level.
                   A        B        C        D        E       F      G
               +--------+--------+--------+--------+--------+-----+--------+
         Total |   9012 |   8648 |    364 |   1712 |   5064 |  10 |  901.2 |
       Dungeon |   9012 |   8648 |    364 |   1712 |   5064 |  10 |  901.2 |
               +--------+--------+--------+--------+--------+-----+--------+

Top non-repeatable levels by time:
     D:9: 1595 daAuts
     D:4: 1171 daAuts
     D:7: 1053 daAuts
     D:6: 942 daAuts
     D:1: 910 daAuts
     D:5: 893 daAuts
     D:8: 890 daAuts
     D:3: 717 daAuts
     D:2: 583 daAuts
    D:10: 255 daAuts
